 Dungeon Crawl Stone Soup version 0.27-a0-421-g7ddf969dea (webtiles) character file.

Game seed: 8772207369369815953

965 night the Cudgeller (level 7, -4/67 HPs)
             Began as a Troll Warper on Feb 26, 2021.
             Slain by a sky beast (5 damage)
             ... on level 5 of the Dungeon.
             The game lasted 00:08:01 (3355 turns).

night the Cudgeller (Troll Warper)                  Turns: 3355, Time: 00:08:01

Health: -4/67      AC:  5    Str: 21    XL:     7   Next: 93%
Magic:  10/10      EV: 10    Int: 10    God:
Gold:   300        SH:  5    Dex:  9    Spells: 2/11 levels left

rFire    . . .     SeeInvis .   q - +7 club
rCold    . . .     Faith    .   (no shield)
rNeg     . . .     Spirit   .   b - +0 robe
rPois    .         Reflect  +   (helmet restricted)
rElec    .         Harm     .   x - +0 cloak
rCorr    .         Rampage  .   (gloves unavailable)
Will     .....                  (boots unavailable)
Stlth    +.........             j - amulet of reflection
HPRegen  1.21/turn              (no ring)
MPRegen  0.12/turn              (no ring)

@: no status effects
A: large, unfitting armour, claws 3, regeneration 1, shaggy fur 1, tough skin 1
a: no special abilities


You were on level 5 of the Dungeon.
You visited 1 branch of the dungeon, and saw 5 of its levels.

You collected 300 gold pieces.

Inventory:

Hand Weapons
 a - a +0 mace
 q - a +7 club (weapon)
Missiles
 c - 7 boomerangs
 e - 5 boomerangs of dispersal (quivered)
Armour
 b - a +0 robe (worn)
 x - a +0 cloak (worn)
Jewellery
 j - an amulet of reflection (around neck)
 y - an amulet of regeneration
Wands
 p - a wand of random effects (20)
 z - a wand of acid (4)
Scrolls
 d - 3 scrolls of blinking
 f - 6 scrolls of identify
 g - 2 scrolls of magic mapping {unknown}
 i - a scroll of random uselessness {unknown}
 l - a scroll of amnesia {unknown}
 r - a scroll of teleportation {unknown}
 v - a scroll of enchant armour {unknown}
Potions
 h - a potion of cancellation {unknown}
 k - a potion of might {unknown}
 m - a potion of curing
 n - a potion of ambrosia {unknown}
 o - a potion of attraction {unknown}
 s - a potion of invisibility {unknown}
 t - a potion of magic {unknown}
 u - 2 potions of brilliance {unknown}
 w - a potion of resistance {unknown}


   Skills:
 + Level 3.6 Fighting
 * Level 5.5 Maces & Flails
 - Level 0.8 Throwing
 - Level 1.9 Dodging
 + Level 2.7 Spellcasting
 + Level 3.7 Translocations


You had 2 spell levels left.
You knew the following spells:

 Your Spells              Type           Power        Failure   Level
a - Blink                 Tloc           N/A          10%         2
b - Teleport Other        Tloc           8%           19%         3
c - Manifold Assault      Tloc           8%           52%         4

Your spell library contained the following spells:

 Spells                   Type           Power        Failure   Level
 Gell's Gravitas          Tloc           4%           19%         3
 Lesser Beckoning         Tloc           4%           19%         3


Dungeon Overview and Level Annotations

Branches:
Dungeon (5/15)
 Temple: D:4-7

Altars:


Innate Abilities, Weirdness & Mutations

You are too large for most types of armour.
You have claws for hands.
Your natural rate of healing is unusually fast.
You are covered in fur. (AC +1)
You have tough skin. (AC +1)


Message History

The sky beast hits you but does no damage.
You hit the sky beast.
The sky beast is moderately wounded.
The sky beast hits you.
* * * LOW HITPOINT WARNING * * *
The sky beast shocks you.
* * * LOW HITPOINT WARNING * * *
The sky beast hits you.
* * * LOW HITPOINT WARNING * * *
The sky beast shocks you.
* * * LOW HITPOINT WARNING * * *
You hit the sky beast but do no damage.
The sky beast is moderately wounded.
The sky beast hits you but does no damage.
You hit the sky beast.
The sky beast is heavily wounded.
The sky beast barely misses you.
You hit the sky beast.
The sky beast is severely wounded.
The sky beast barely misses you.
You closely miss the sky beast.
The sky beast is severely wounded.
The sky beast closely misses you.
You hit the sky beast but do no damage.
The sky beast is severely wounded.
The sky beast hits you but does no damage.
You barely miss the sky beast.
The sky beast is severely wounded.
The sky beast hits you.
* * * LOW HITPOINT WARNING * * *
The sky beast shocks you.
* * * LOW HITPOINT WARNING * * *
You closely miss the sky beast.
The sky beast is severely wounded.
The sky beast flickers out of sight!
Deactivating autopickup; reactivate with Ctrl-A.
Something hits you.
* * * LOW HITPOINT WARNING * * *
Something shocks you.
You die...

#.......#
#...........
#.......#
#.##########
#.......# #.#....#
#.......#
###.#.##.#####
#.....o.#
#...).........
######)##
#............. #.#
#.............
#.#####...........##
#o{@.............##
##############.### #
#.# # .# #


You could see an orc priest.

Vanquished Creatures
  An ogre (D:4)
  A centaur (D:5)
  2 phantoms
  A scorpion (D:4)
  4 howler monkeys
  A hound (D:4)
  A bullfrog zombie (D:5)
  2 centaur skeletons
  Ijyb (D:3)
  An orc wizard (D:5)
  5 worker ants
  5 adders
  2 worms
  2 dart slugs
  2 leopard geckos
  8 orcs (D:5)
  5 giant cockroaches
  8 goblins
  9 hobgoblins
  2 jackals (D:2)
  7 kobolds
  6 quokkas
  4 ball pythons
  13 bats
  5 frilled lizards
  A jackal skeleton (D:5)
  12 rats
111 creatures vanquished.

Notes
Turn   | Place    | Note
-------+----------+-------------------------------------------
     0 | D:1      | night the Troll Warper began the quest for the Orb.
     0 | D:1      | Reached XP level 1. HP: 19/19 MP: 1/1
    73 | D:1      | Reached skill level 2 in Maces & Flails
   136 | D:1      | Reached XP level 2. HP: 25/28 MP: 3/3
   631 | D:1      | Reached XP level 3. HP: 35/35 MP: 4/4
   808 | D:2      | Reached skill level 2 in Fighting
  1205 | D:2      | Reached XP level 4. HP: 42/42 MP: 5/5
  1486 | D:3      | Reached skill level 3 in Maces & Flails
  1947 | D:3      | Noticed Ijyb
  2002 | D:2      | HP: 5/42 [worker ant (4)]
  2007 | D:2      | HP: 4/42 [poisoned by a worker ant]
  2012 | D:2      | HP: 6/42 [poisoned by a worker ant]
  2019 | D:2      | Reached XP level 5. HP: 9/49 MP: 6/6
  2069 | D:3      | Killed Ijyb
  2328 | D:4      | Reached skill level 2 in Spellcasting
  2367 | D:4      | Reached XP level 6. HP: 59/59 MP: 8/8
  2391 | D:4      | Learned a level 2 spell: Blink
  2395 | D:4      | Learned a level 3 spell: Teleport Other
  2400 | D:4      | Learned a level 4 spell: Manifold Assault
  2426 | D:4      | Reached skill level 4 in Maces & Flails
  2878 | D:5      | Entered Level 5 of the Dungeon
  2917 | D:5      | Reached XP level 7. HP: 63/67 MP: 9/9
  3173 | D:4      | Reached skill level 5 in Maces & Flails
  3334 | D:5      | HP: 8/67 [something (5)]
  3341 | D:5      | HP: 2/67 [orc priest/divine providence (14)]
  3348 | D:5      | HP: 5/67 [sky beast (6)]
  3354 | D:5      | HP: 8/67 [sky beast (5)]
  3354 | D:5      | HP: 2/67 [sky beast (6)]
  3355 | D:5      | Slain by a sky beast

Illustrated notes

Levels and vault maps discovered:
D:1:      lightli_arrival_quake, layout_basic, minmay_misc_feat_diagonals
D:2:      minmay_skewed_foursquare, layout_basic
D:3:      minmay_chambers_of_twos, layout_basic, uniq_ijyb
D:4:      layout_rooms, minmay_misc_feat_more_columns, minmay_unequal
D:5:      layout_basic, supply_closet_lemuel

Skill      XL: |  1  2  3  4  5  6  7 |
---------------+----------------------+-----
Maces & Flails | 2 3 4 5 |  5.5
Fighting       | 2 3 |  3.6
Spellcasting   | 2 |  2.7
Translocations | 3 |  3.7
Throwing       | |  0.8
Dodging        | |  1.9

Action                   |  1- 3 |  4- 6 |  7- 9 || total
-------------------------+-------+-------+-------++-------
Melee: Mace              |   217 |   102 |       ||   319
       Club              |       |    70 |    99 ||   169
 Cast: Teleport Other    |       |       |     1 ||     1
       Blink             |       |       |     1 ||     1
       Manifold Assault  |       |       |     1 ||     1
  Use: Scroll            |       |       |     1 ||     1
       Potion            |       |       |     1 ||     1
 Stab: Sleeping          |     1 |       |       ||     1
Armor: Robe              |   102 |    41 |    27 ||   170
Dodge: Dodged            |   193 |    78 |    46 ||   317
Block: Other             |       |    44 |    23 ||    67

Table legend: (Time is in decaauts)
 A = Elapsed time spent in this place.
 B = Non-inter-level travel time spent in this place.
 C = Inter-level travel time spent in this place.
 D = Time resting spent in this place.
 E = Time spent auto-exploring this place.
 F = Levels seen in this place.
 G = Mean time per level.
                   A        B        C        D        E       F      G
               +--------+--------+--------+--------+--------+-----+--------+
         Total |   3452 |   3353 |     99 |    104 |   2187 |   5 |  690.4 |
       Dungeon |   3452 |   3353 |     99 |    104 |   2187 |   5 |  690.4 |
               +--------+--------+--------+--------+--------+-----+--------+

Top non-repeatable levels by time:
     D:2: 825 daAuts
     D:3: 750 daAuts
     D:4: 748 daAuts
     D:1: 721 daAuts
     D:5: 406 daAuts
